 Dungeon Crawl Stone Soup version 0.29.0-11-gd7f09526c8 (webtiles) character file.

Game seed: 16685063720522799127

392 themarg the Insei (level 6, -3/47 HPs)
             Began as a Gnoll Transmuter on Sept 2, 2022.
             Succumbed to a gnoll's poison
             ... on level 5 of the Dungeon.
             The game lasted 00:07:59 (4132 turns).

themarg the Insei (Gnoll Transmuter)                Turns: 4132, Time: 00:08:00

Health: -3/47      AC:  2    Str:  9    XL:     6   Next: 80%
Magic:  12/14      EV: 22    Int: 14    God:
Gold:   371        SH:  0    Dex: 18    Spells: 9/15 levels left

rFire   . . .      SeeInvis .     - Unarmed
rCold   . . .      Faith    .   (shield currently unavailable)
rNeg    . . .      Spirit   .   (body armour currently unavailable)
rPois   x          Reflect  .   (helmet currently unavailable)
rElec   .          Harm     .   (cloak currently unavailable)
rCorr   .          Rampage  .   (gloves currently unavailable)
Will    .....                   (boots currently unavailable)
Stlth   ++........              (no amulet)
HPRegen 0.15/turn               (no ring)
MPRegen 0.14/turn               (no ring)

@: lethally poisoned (-3 -> -32), spider-form (expiring)
A: venomous fangs, tiny, (fangs 1), strong nose, distributed training
a: End Transformation


You were on level 5 of the Dungeon.
You were a venomous arachnid creature.
You visited 1 branch of the dungeon, and saw 5 of its levels.

You collected 371 gold pieces.

Inventory:

Hand Weapons
 f - a +0 dagger
 k - a +2 dagger of speed (melded)
Armour
 a - a +0 robe (melded)
 t - a scarf of invisibility (melded)
Jewellery
 q - a ring of ice
 s - a ring of resist corrosion
Scrolls
 d - a scroll of blinking {unknown}
 g - a scroll of poison {unknown}
 h - 5 scrolls of identify {unknown}
 l - 2 scrolls of fear {unknown}
 p - a scroll of fog {unknown}
 r - a scroll of noise {unknown}
 u - a scroll of enchant weapon {unknown}
Potions
 b - 2 potions of lignification
 c - a potion of brilliance {unknown}
 e - 2 potions of degeneration {unknown}
 i - a potion of might {unknown}
 j - a potion of mutation {unknown}
 m - 2 potions of curing {unknown}
 n - a potion of attraction {unknown}
 o - a potion of magic {unknown}


   Skills:
 + Level 3.4 Fighting
 + Level 2.2 Short Blades
 + Level 2.2 Long Blades
 + Level 2.2 Axes
 + Level 2.2 Maces & Flails
 + Level 2.2 Polearms
 + Level 2.2 Staves
 + Level 2.2 Ranged Weapons
 + Level 2.2 Throwing
 + Level 2.2 Armour
 + Level 5.1 Dodging
 + Level 2.2 Stealth
 + Level 2.2 Shields
 + Level 6.9 Unarmed Combat
 + Level 5.4 Spellcasting
 + Level 1.7 Conjurations
 + Level 1.7 Hexes
 + Level 1.7 Summonings
 + Level 1.7 Necromancy
 + Level 1.7 Translocations
 + Level 4.2 Transmutations
 + Level 1.7 Fire Magic
 + Level 1.7 Ice Magic
 + Level 1.7 Air Magic
 + Level 1.7 Earth Magic
 + Level 1.7 Poison Magic
 + Level 2.4 Invocations
 + Level 2.2 Evocations


You had 9 spell levels left.
You knew the following spells:

 Your Spells              Type           Power      Damage    Failure   Level
a - Beastly Appendage     Tmut           30%        N/A       11%         1
b - Wereblood             Tmut           15%        N/A       13%         2
c - Spider Form           Tmut/Pois      12%        N/A       32%         3

Your spell library contained the following spells:

 Spells                   Type           Power      Damage    Failure   Level
 Necrotise                Necr           32%        1d5       22%         1
 Stone Arrow              Conj/Erth      16%        3d8       45%         3
 Vampiric Draining        Necr           8%         2d6       45%         3
 Ice Form                 Ice/Tmut       12%        N/A       65%         4
 Animate Armour           Summ/Erth      16%        N/A       82%         4
 Agony                    Necr           8%         N/A       98%         5
 Lehudib's Crystal Spear  Conj/Erth      4%         10d3      100%        8


Dungeon Overview and Level Annotations

Branches:
Dungeon (5/15)
 Temple: D:4-7

Altars:
Ashenzari
Kikubaaqudgha
Uskayaw
Xom
Yredelemnul


Innate Abilities, Weirdness & Mutations

You are a venomous arachnid creature.
You have poisonous fangs.
You are tiny and dextrous.
Your spellcasting is less reliable in this form.
Your armour is entirely melded.
You are incapable of wielding weapons or throwing items.
((You have very sharp teeth.))
Your uncanny sense of smell can sniff out nearby items.
Your experience applies equally to all skills.


Message History

An orc comes into view. It is wielding a +0 flail.
Found a hand axe and a dagger.
A gnoll comes into view. It is wielding a +0 whip of venom.
An adder comes into view.
The gnoll shouts!
The adder hisses angrily.
Casting: Spider Form (dangerous; 14% risk of failure)
Confirm with . or Enter, or press ? or * to list all spells.
You turn into a venomous arachnid creature.
Your +2 dagger of speed melds into your body.
Your scarf of invisibility melds into your body.
Your +0 robe melds into your body.
You bite the gnoll!
The gnoll is poisoned.
The gnoll is heavily wounded.
The gnoll hits you with a +0 whip of venom!
You are poisoned.
You hit the gnoll.
The gnoll is heavily wounded.
You feel extremely sick. The gnoll closely misses you.
You hit the adder but do no damage.
The adder is poisoned.
Your transformation is almost over.
You feel very sick.
An orc comes into view. It is wielding a +0 club.
The adder misses you.
The gnoll hits you with a +0 whip of venom!
You are more poisoned.
The gnoll attacks as you move away! The gnoll closely misses you.
* * * LOW HITPOINT WARNING * * *
You feel extremely sick. The adder bites you.
* * * LOW HITPOINT WARNING * * *
The gnoll attacks as you move away! The gnoll completely misses you.
* * * LOW HITPOINT WARNING * * *
You feel extremely sick.
You kill the gnoll!
The adder completely misses you.
The orc shouts!
You hit the adder.
The adder looks as sick as possible!
The adder is almost dead.
You die...

....##....#.#...
...#...#.......#..#
o...#........#.....#
......##......#....#
...(...............##
..............#..)..#.
......................
............sS)....o..
......................
..........#####.......
......#..## #.)....
##...##.##∆∆ ...#..
.....#..# ...#.. .
#....# ..... .. ##...#
.....# ...#....##
......


You could see an adder (extremely poisoned) and an orc.

Vanquished Creatures
  2 scorpions (D:4)
  2 iguanas (D:4)
  Natasha (thrice) (D:3)
  2 gnolls (D:5)
  6 adders
  An ufetubus (D:4)
  A worm (D:4)
  2 dart slugs
  4 orcs
  8 endoplasms
  4 giant cockroaches
  7 goblins
  5 hobgoblins
  4 jackals (D:4)
  4 kobolds
  5 ball pythons
  6 bats
  A frilled lizard (D:2)
  4 rats
71 creatures vanquished.

Notes
Turn   | Place    | Note
-------+----------+-------------------------------------------
     0 | D:1      | themarg the Gnoll Transmuter began the quest for the Orb.
     0 | D:1      | Reached XP level 1. HP: 17/17 MP: 6/6
    32 | D:1      | Found a faded altar of an unknown god.
   254 | D:1      | Reached XP level 2. HP: 22/23 MP: 5/7
   565 | D:1      | Learned a level 2 spell: Wereblood
   694 | D:1      | Reached skill level 5 in Spellcasting
   694 | D:1      | Reached XP level 3. HP: 28/28 MP: 7/9
   912 | D:2      | Identified the +4 mace of Emni {freeze, rC+ Dex+2}
   945 | D:2      | Reached skill level 1 in Invocations
  1150 | D:2      | Reached skill level 1 in Short Blades
  1150 | D:2      | Reached skill level 1 in Long Blades
  1150 | D:2      | Reached skill level 1 in Axes
  1150 | D:2      | Reached skill level 1 in Maces & Flails
  1150 | D:2      | Reached skill level 1 in Polearms
  1150 | D:2      | Reached skill level 1 in Staves
  1150 | D:2      | Reached skill level 1 in Ranged Weapons
  1150 | D:2      | Reached skill level 1 in Throwing
  1150 | D:2      | Reached skill level 1 in Armour
  1150 | D:2      | Reached skill level 1 in Stealth
  1150 | D:2      | Reached skill level 1 in Shields
  1150 | D:2      | Reached skill level 1 in Evocations
  1550 | D:2      | Found a basalt altar of Yredelemnul.
  1587 | D:2      | Reached XP level 4. HP: 34/34 MP: 11/11
  1602 | D:2      | Learned a level 3 spell: Spider Form
  1854 | D:3      | Noticed Natasha
  1865 | D:3      | Killed Natasha
  1866 | D:3      | Reached skill level 1 in Conjurations
  1866 | D:3      | Reached skill level 1 in Hexes
  1866 | D:3      | Reached skill level 1 in Summonings
  1866 | D:3      | Reached skill level 1 in Necromancy
  1866 | D:3      | Reached skill level 1 in Translocations
  1866 | D:3      | Reached skill level 1 in Fire Magic
  1866 | D:3      | Reached skill level 1 in Ice Magic
  1866 | D:3      | Reached skill level 1 in Air Magic
  1866 | D:3      | Reached skill level 1 in Earth Magic
  1866 | D:3      | Reached skill level 1 in Poison Magic
  2017 | D:3      | Noticed Natasha
  2025 | D:3      | Killed Natasha
  2026 | D:3      | Reached XP level 5. HP: 18/40 MP: 8/12
  2246 | D:3      | Noticed Natasha
  2255 | D:3      | Killed Natasha
  2904 | D:4      | Found a hide-covered altar of Uskayaw.
  2904 | D:4      | Found a broken altar of Ashenzari.
  2904 | D:4      | Found an ancient bone altar of Kikubaaqudgha.
  2904 | D:4      | Found a shimmering altar of Xom.
  3051 | D:4      | Reached XP level 6. HP: 26/47 MP: 10/14
  3297 | D:4      | Reached skill level 5 in Dodging
  3475 | D:4      | Identified the +4 plate armour of Amyhekli {rPois}
  4095 | D:5      | Entered Level 5 of the Dungeon
  4131 | D:5      | HP: 2/47 [poisoned by a gnoll]
  4132 | D:5      | Succumbed to a gnoll's poison

Illustrated notes

Levels and vault maps discovered:
D:1:      shiori_shiawase, layout_rooms, shapermc_ecumenical_altar_flowoftime,
          nrook_mini_vaults
D:2:      kb_forest_paths, layout_basic, basic_altar, minivault_11
D:3:      layout_rooms, minmay_pentomino_pile, uniq_natasha
D:4:      layout_basic, chequers_temple_overflow_statue_of_worship,
          kennysheep_small_square
D:5:      layout_cave_pools, serial_shops, shop, serial_gnoll_camp,
          gnoll_camp_huts_moat, gnoll_camp_mini_doghouse, grums_kennel,
          gnoll_camp_mini_house, gnoll_camp_mini_hut

Skill      XL: |  1  2  3  4  5  6 |
---------------+-------------------+-----
Spellcasting   | 5 |  5.4
Invocations    | 1 2 |  2.4
Short Blades   | 1 2 |  2.2
Long Blades    | 1 2 |  2.2
Axes           | 1 2 |  2.2
Maces & Flails | 1 2 |  2.2
Polearms       | 1 2 |  2.2
Staves         | 1 2 |  2.2
Ranged Weapons | 1 2 |  2.2
Throwing       | 1 2 |  2.2
Armour         | 1 2 |  2.2
Stealth        | 1 2 |  2.2
Shields        | 1 2 |  2.2
Evocations     | 1 2 |  2.2
Conjurations   | 1 |  1.7
Hexes          | 1 |  1.7
Summonings     | 1 |  1.7
Necromancy     | 1 |  1.7
Translocations | 1 |  1.7
Fire Magic     | 1 |  1.7
Ice Magic      | 1 |  1.7
Air Magic      | 1 |  1.7
Earth Magic    | 1 |  1.7
Poison Magic   | 1 |  1.7
Fighting       | 3 |  3.4
Transmutations | 4 |  4.2
Dodging        | 5 |  5.1
Unarmed Combat | |  6.9

Action                   |  1- 3 |  4- 6 || total
-------------------------+-------+-------++-------
Melee: Unarmed           |    14 |    47 ||    61
       Kick              |    17 |    12 ||    29
       Headbutt          |    12 |     8 ||    20
       Bite              |     3 |     3 ||     6
       Dagger            |    79 |    55 ||   134
       Punch             |     1 |     1 ||     2
 Cast: Beastly Appendage |    20 |    16 ||    36
       Spider Form       |       |     9 ||     9
       Wereblood         |       |     1 ||     1
 Stab: Sleeping          |     2 |     1 ||     3
Armor: Robe              |    13 |     1 ||    14
       Skin              |       |     3 ||     3
Dodge: Dodged            |    59 |    61 ||   120
